 Dungeon Crawl Stone Soup version 0.29.1-12-g30fa7ad0bf (webtiles) character file.

Game seed: 11515483081192938144

667 KittyFluff the Cudgeller (level 7, -6/44 HPs)
             Began as a Gargoyle Berserker on Jan 17, 2023.
             Was a Priest of Trog.
             Splashed by a jelly's acid (8 damage)
             ... on level 5 of the Dungeon.
             The game lasted 00:20:28 (4397 turns).

KittyFluff the Cudgeller (Gargoyle Berserker)       Turns: 4397, Time: 00:20:30

Health: -6/44      AC: -4    Str: 27    XL:     7   Next: 57%
Magic:  7/7        EV: 10    Int:  7    God:    Trog [***...]
Gold:   212        SH:  7    Dex: 11    Spells: 6/6 levels left

rFire   . . .      SeeInvis +   a - +0 mace
rCold   . . .      Faith    .   u - +0 kite shield
rNeg    + . .      Spirit   .   t - +2 robe {Archmagi}
rPois   ∞          Reflect  .   y - +0 helmet
rElec   +          Harm     .   (no cloak)
rCorr   .          Rampage  .   D - +0 pair of gloves
Will    .....      Archmagi +   (no boots)
Stlth   ++........              (no amulet)
HPRegen 0.14/turn               c - +6 ring of strength
MPRegen 0.10/turn               n - ring of see invisible

@: corroded
A: sickness immunity, AC +4, negative energy resistance 1, electricity
resistance, torment resistance 1, petrification resistance
a: Renounce Religion, Berserk, Trog's Hand


You were on level 5 of the Dungeon.
You worshipped Trog.
Trog was most pleased with you.
You visited 1 branch of the dungeon, and saw 5 of its levels.

You collected 212 gold pieces.

Inventory:

Hand Weapons
 a - a +0 mace (weapon)
 r - a +0 arbalest
 C - a +4 great mace
Missiles
 e - 30 stones (quivered)
 f - 2 poisoned darts
Armour
 b - a +0 ring mail
 h - a +0 leather armour
 t - a +2 robe of the Archmagi (worn)
 u - a +0 kite shield (worn)
 y - a +0 helmet (worn)
 D - a +0 pair of gloves (worn)
Jewellery
 c - a +6 ring of strength (left hand)
 n - a ring of see invisible (right hand)
Wands
 s - a wand of mindburst (14)
 v - a wand of iceblast (3)
 A - a wand of charming (3)
Scrolls
 d - a scroll of blinking {unknown}
 i - a scroll of fear
 j - a scroll of fog {unknown}
 k - a scroll of torment {unknown}
 l - a scroll of vulnerability {unknown}
 o - 2 scrolls of identify {unknown}
 p - 2 scrolls of teleportation {unknown}
 w - 2 scrolls of immolation {unknown}
 z - a scroll of enchant armour {unknown}
 B - a scroll of magic mapping {unknown}
Potions
 g - 2 potions of invisibility
 m - a potion of heal wounds
 q - a potion of haste {unknown}
 x - 2 potions of attraction {unknown}


   Skills:
 + Level 4.5 Fighting
 + Level 6.5 Maces & Flails
 + Level 1.0 Throwing
 + Level 3.5 Armour
 + Level 2.8 Dodging
 + Level 1.2 Stealth
 + Level 1.5 Shields


You had 6 spell levels left.
You didn't know any spells.
Your spell library was empty.

Dungeon Overview and Level Annotations

Branches:
Dungeon (5/15)             Temple (0/1) D:4

Altars:
Okawaru


Innate Abilities, Weirdness & Mutations

You are immune to sickness and miasma.
Your stone body is resilient. (AC +4)
You are immune to poison.
You resist negative energy. (rN+)
You are resistant to electric shocks. (rElec)
You are resistant to unholy torment.
You are immune to petrification.


Message History

a +0 flail; a +0 halberd; a gnoll corpse You barely miss the gnoll.
The gnoll barely misses you.
You barely miss the gnoll. You block the gnoll's attack.
You hit the gnoll.
The gnoll is moderately wounded.
The gnoll hits you but does no damage.
You hit the gnoll.
The gnoll is severely wounded.
You block the gnoll's attack. x2
You closely miss the gnoll.
The gnoll is severely wounded.
The gnoll hits you but does no damage.
You barely miss the gnoll.
The gnoll is severely wounded.
The gnoll hits you with a +0 halberd.
You hit the gnoll.
The gnoll is almost dead.
You block the gnoll's attack.
You barely miss the gnoll.
The gnoll is almost dead.
The jelly jiggles.
You block the gnoll's attack. The gnoll hits you with a +0 halberd.
You hit the gnoll.
You kill the gnoll!
Trog accepts your kill.
You hit the jelly. The acid corrodes you!
Your hands burn!
* * * LOW HITPOINT WARNING * * *
The jelly is lightly wounded.
The jelly hits you but does no damage.
You hit the jelly. The acid corrodes you!
Your hands burn!
* * * LOW HITPOINT WARNING * * *
The jelly is heavily wounded.
The jelly closely misses you. x2
You hit the jelly but do no damage. The acid corrodes you!
Your hands burn!
* * * LOW HITPOINT WARNING * * *
The jelly is heavily wounded.
The jelly hits you.
* * * LOW HITPOINT WARNING * * *
The acid corrodes you!
You are splashed with acid!
You die...

####### ### #..@JJ#
..### ####.###.#
....#######....# #.#
#.#.........##.# #J#
......########......
#.#...# #.#.#.#
....### #.#.?..
##.## #.# .#. .>###
##. ..:.


You could see 2 jellies.

Vanquished Creatures
  Sigmund (D:3)
  An ogre (D:4)
  A phantom (D:4)
  Blork the orc (D:4)
  An iguana (D:5)
  Ijyb (D:3)
  2 orc wizards (D:4)
  3 gnolls (D:5)
  6 adders
  2 worms
  The ghost of hawla the Firebug, a weakling MeFE (D:4)
  2 dart slugs (D:2)
  4 orcs (D:4)
  5 bats
  10 endoplasms
  3 giant cockroaches
  7 goblins
  8 hobgoblins
  7 jackals
  9 kobolds
  2 quokkas
  4 ball pythons
  A frilled lizard (D:3)
  10 rats
92 creatures vanquished.

Vanquished Creatures (others)
  5 fungi (D:3)
  6 plants (D:3)
11 creatures vanquished.

Grand Total: 103 creatures vanquished

Notes
Turn   | Place    | Note
-------+----------+-------------------------------------------
     0 | D:1      | KittyFluff the Gargoyle Berserker began the quest for the
                  | Orb.
     0 | D:1      | Reached XP level 1. HP: 14/14 MP: 1/1
   149 | D:1      | Reached XP level 2. HP: 17/19 MP: 2/2
   692 | D:1      | Reached ** piety under Trog
   694 | D:1      | Reached XP level 3. HP: 23/23 MP: 3/3
  1560 | D:2      | Reached skill level 4 in Maces & Flails
  1560 | D:2      | Reached XP level 4. HP: 27/29 MP: 4/4
  2149 | D:3      | Reached *** piety under Trog
  2333 | D:3      | Noticed Sigmund
  2398 | D:3      | Killed Sigmund
  2399 | D:3      | Reached skill level 5 in Maces & Flails
  2399 | D:3      | Reached XP level 5. HP: 20/33 MP: 5/5
  2399 | D:3      | Reached XP level 6. HP: 24/38 MP: 6/6
  2676 | D:3      | Found a faded altar of an unknown god.
  2771 | D:3      | Noticed Ijyb
  2806 | D:3      | Killed Ijyb
  3351 | D:4      | Reached skill level 6 in Maces & Flails
  3383 | D:4      | Reached skill level 1 in Throwing
  3383 | D:4      | Reached XP level 7. HP: 34/43 MP: 7/7
  3675 | D:4      | Found an iron altar of Okawaru.
  3796 | D:4      | Found a staircase to the Ecumenical Temple.
  3870 | D:4      | Noticed Blork the orc
  3878 | D:4      | Killed Blork the orc
  3879 | D:4      | Reached skill level 1 in Stealth
  3977 | D:4      | Found a transporter.
  4121 | D:4      | Noticed hawla's ghost (weakling MeFE)
  4138 | D:4      | Found a transporter.
  4158 | D:4      | Reached skill level 1 in Shields
  4167 | D:4      | Killed hawla's ghost
  4257 | D:5      | Entered Level 5 of the Dungeon
  4397 | D:5      | HP: 2/44 [jelly (3)]
  4397 | D:5      | Splashed by a jelly's acid

Illustrated notes

Levels and vault maps discovered:
D:1:      reono_arrival_forest_river, layout_loops_corners, minmay_pentomino_s2
D:2:      layout_loops_ring, minmay_quadrilaterals
D:3:      layout_loops_ring, serial_co_window_serial, co_window_paths_a,
          co_window_paths_a, co_window_paths_a, co_window_corner_a,
          co_window_paths_a, co_window_paths_b, co_window_paths_b,
          co_window_cross_2, co_window_2corner, co_window_broadway_b,
          co_window_of_opportunity_b, co_window_2corner, co_window_paths_d,
          co_window_4corner_a, glass_columns_a, glass_columns_a,
          glass_columns_b, shapermc_ecumenical_altar_mp_ritualfount, uniq_ijyb,
          uniq_sigmund
D:4:      layout_loops_ring, okawaru_trees_2, minmay_temple_entry_trees,
          gammafunk_ghost_smash, uniq_blork_the_orc
D:5:      layout_loops_cross, grunt_dithmenos_smoke, serial_glass,
          glass_columns_b, glass_columns_a, glass_columns_a, glass_columns_a,
          glass_columns_c, glass_columns_a, glass_columns_a, glass_columns_b,
          glass_columns_a, glass_columns_a, due_unseen_surprise,
          item_on_display_a, item_on_display_a, serial_shops, kennysheep_mini

Skill      XL: |  1  2  3  4  5  6  7 |
---------------+----------------------+-----
Dodging        | 2 |  2.8
Maces & Flails | 4 5 6 |  6.5
Fighting       | 4 |  4.5
Armour         | 3 |  3.5
Throwing       | 1 |  1.0
Stealth        | 1 |  1.2
Shields        | 1 |  1.5

Action                   |  1- 3 |  4- 6 |  7- 9 || total
-------------------------+-------+-------+-------++-------
Melee: Mace              |   107 |   146 |    74 ||   327
Throw: Stone             |     1 |     3 |       ||     4
Invok: Berserk           |       |       |     1 ||     1
  Use: Potion            |       |     2 |       ||     2
       Scroll            |       |     1 |       ||     1
Armor: Animal skin       |     2 |       |       ||     2
       Leather armour    |    46 |    49 |       ||    95
       Robe              |     6 |    22 |    39 ||    67
Dodge: Dodged            |    71 |   103 |    41 ||   215
Block: Kite shield       |       |    22 |    33 ||    55
